AoeStats
← OreosOfChina

Arena

507698414Analyzed
3v3 RM · 13d ago on Sep 19, 2026· 43m 30s· 6 players
Game mode
Random Map
Map size
Normal (6 player)
Population
200
Speed
Normal
Resources
Standard
Victory
Conquest
Starting age
Dark Age
Ending age
Imperial Age
RankedLock teamsTeams togetherTeam positionsShared explorationLock speedFull tech treeHidden civsTurbo modeCheats
Victory
Defeat
🇹🇷 Sicilians · Türkiye
952
+15
🇨🇿 Goths · Czechia
837
+29
🇨🇳 Mongols · China
780
+21
🇬🇧 Lithuanians · United Kingdom
952
-20
🇬🇧 Turks · United Kingdom
908
-18
🇬🇧 Romans · United Kingdom
879
-17
kron
11:08 Feudal Age
12:25 Double-Bit Axe
14:44 Horse Collar
19:04 Castle Age
19:02 Forging
19:13 Man-at-Arms
20:59 Fletching
27:04 Iron Casting
26:32 Scale Mail Armor
27:42 Chain Mail Armor
30:27 Bow Saw
30:52 Anarchy
31:44 Heavy Plow
33:17 Bodkin Arrow
37:52 Imperial Age
39:40 Blast Furnace
39:25 Gold Mining
41:12 Conscription
41:06 Caravan
42:48 Bracer
OTZ==3
1:20 Loom
10:36 Feudal Age
15:28 Castle Age
14:31 Double-Bit Axe
15:48 Horse Collar
20:22 Stone Mining
21:17 Gold Mining
23:13 Wheelbarrow
23:04 Heavy Plow
25:50 Bow Saw
27:38 Hand Cart
28:19 Stone Shaft Mining
34:08 Imperial Age
32:28 Scale Barding Armor
32:36 Forging
32:49 Ballistics
32:38 Fletching
33:18 Husbandry
34:03 Chain Barding Armor
34:21 Iron Casting
33:44 Bodkin Arrow
33:19 Light Cavalry
34:24 Masonry
34:12 Murder Holes
35:11 Conscription
35:09 Bloodlines
35:50 Gold Shaft Mining
37:04 Blast Furnace
36:06 Bracer
36:14 Siege Engineers
38:41 Chemistry
37:44 Padded Archer Armor
37:28 Hussar
39:49 Leather Archer Armor
39:39 Elite Mangudai
demir perde
9:55 Feudal Age
10:25 Double-Bit Axe
10:20 Horse Collar
19:19 Castle Age
19:25 Fletching
22:07 Wheelbarrow
21:53 Bow Saw
21:35 Gold Mining
21:49 Heavy Plow
21:41 Gold Mining
21:41 Stone Mining
31:44 Imperial Age
29:02 Loom
29:32 Hand Cart
29:02 Town Watch
29:30 Forging
29:20 Scale Mail Armor
30:17 Husbandry
30:27 Bloodlines
30:25 Scale Barding Armor
30:55 Iron Casting
30:50 First Crusade
32:15 Gold Shaft Mining
32:24 Chain Mail Armor
32:35 Chain Barding Armor
33:44 Blast Furnace
32:25 Cavalier
34:08 Plate Barding Armor
35:23 Plate Mail Armor
38:29 Stone Mining
38:38 Bodkin Arrow
39:37 Town Patrol
39:50 Herbal Medicine
Sir Lord Jimmy Crystal
12:06 Feudal Age
13:28 Double-Bit Axe
17:46 Castle Age
17:18 Gold Mining
22:00 Imperial Age
24:08 Bow Saw
27:21 Fletching
27:32 Padded Archer Armor
28:03 Gold Mining
31:48 Stone Mining
32:36 Gold Shaft Mining
31:52 Horse Collar
32:40 Bodkin Arrow
33:01 Leather Archer Armor
36:29 Bracer
36:59 Ring Archer Armor
37:34 Two-Man Saw
40:12 Heavy Plow
OreosOfChina
7:56 Loom
10:25 Feudal Age
10:47 Horse Collar
10:54 Double-Bit Axe
13:21 Stone Mining
13:28 Gold Mining
19:07 Castle Age
20:01 Heavy Plow
20:16 Bow Saw
23:56 Wheelbarrow
30:50 Imperial Age
28:39 Hand Cart
28:29 Husbandry
28:40 Bloodlines
28:43 Forging
28:39 Scale Barding Armor
31:28 Elite Leitis
32:28 Conscription
33:26 Iron Casting
33:12 Chain Barding Armor
Charismo
10:36 Feudal Age
15:33 Castle Age
13:39 Double-Bit Axe
13:57 Man-at-Arms
17:06 Scale Mail Armor
19:36 Long Swordsman
21:46 Forging
21:52 Chain Mail Armor
23:12 Horse Collar
23:44 Bow Saw
23:25 Gold Mining
26:09 Iron Casting
30:28 Heavy Plow
33:38 Gold Shaft Mining
32:53 Stone Mining
33:19 Squires
36:30 Imperial Age
34:51 Ballistas
38:06 Legionary
40:11 Blast Furnace
38:52 Heavy Scorpion
Connection lost

Rejoining the realm…

Still unreachable

The connection could not be restored.

Session expired

The server has moved on; the page needs a fresh start.